AoeStats
← Demi-Neurone

Arabia

510712060Analyzed
1v1 RM · 1d ago on Oct 2, 2026· 43m 16s· 2 players
Game mode
Random Map
Map size
Tiny (2 player)
Population
200
Speed
Normal
Resources
Standard
Victory
Conquest
Starting age
Dark Age
Ending age
Imperial Age
RankedLock teamsTeams togetherTeam positionsShared explorationLock speedFull tech treeHidden civsTurbo modeCheats
Victory
Defeat
🇨🇳 Georgians · China
1768
+11
🇺🇸 Portuguese · United States
1646
-11
Demi-Neurone
5:08 Loom
9:06 Feudal Age
10:11 Double-Bit Axe
13:28 Horse Collar
14:25 Town Watch
16:00 Fletching
22:16 Castle Age
20:44 Padded Archer Armor
23:11 Gold Mining
22:43 Crossbowman
24:00 Bow Saw
25:29 Wheelbarrow
26:32 Bloodlines
26:30 Scale Barding Armor
26:26 Bodkin Arrow
26:39 Scale Barding Armor
28:33 Heavy Plow
29:53 Thumb Ring
31:08 Forging
35:33 Ballistics
36:20 Leather Archer Armor
38:27 Hand Cart
45:04 Imperial Age
她说我闷骚
5:49 Loom
8:34 Feudal Age
9:34 Double-Bit Axe
19:48 Castle Age
18:23 Scale Barding Armor
18:12 Horse Collar
21:32 Chain Barding Armor
21:22 Forging
24:21 Wheelbarrow
23:32 Town Watch
24:13 Bow Saw
26:15 Heavy Plow
27:01 Husbandry
29:49 Bloodlines
30:06 Hand Cart
30:48 Town Patrol
35:14 Gold Mining
35:14 Stone Mining
38:02 Imperial Age
39:04 Iron Casting
39:52 Plate Barding Armor
38:38 Cavalier
38:53 Light Cavalry
40:24 Hussar
43:19 Conscription
43:11 Aznauri Cavalry
Connection lost

Rejoining the realm…

Still unreachable

The connection could not be restored.

Session expired

The server has moved on; the page needs a fresh start.